 Dungeon Crawl Stone Soup version 0.28-a0-664-gc179e30c89 (webtiles) character file.

Game seed: 13688001676890458532

5 lunkers the Skirmisher (level 1, 0/20 HPs)
             Began as a Djinni Cinder Acolyte on Oct 15, 2021.
             Was a High Priest of Ignis.
             Slain by a quokka (4 damage)
             ... on level 1 of the Dungeon.
             The game lasted 00:00:24 (172 turns).

lunkers the Skirmisher (Djinni Cinder Acolyte)       Turns: 172, Time: 00:00:25

Health: 0/20       AC:  2    Str: 13    XL:     1   Next: 88%
Gold:   17         EV: 11    Int: 15    God:    Ignis [*****.] SH:  0 Dex:  8

rFire   + + +      SeeInvis .   a - -1 falchion (flame)
rCold   x . .      Faith    .   (no shield)
rNeg    . . .      Spirit   .   b - +0 robe
rPois   ∞          Reflect  .   (no helmet)
rElec   .          Harm     .   (no cloak)
rCorr   .          Rampage  .   (no gloves)
Will    .....                   (boots unavailable)
Stlth   +.........              (no amulet)
HPRegen 0.06/turn               (no ring)
MPRegen 0.00/turn               (no ring)

@: flying
A: sickness immunity, fire resistance 2, cold vulnerability 1, float, innate
caster, hp casting, extra vitality 1
a: Renounce Religion, Sea of Fire, Foxfire Swarm, Rising Flame


You were on level 1 of the Dungeon.
You worshipped Ignis.
Ignis was extremely pleased with you.
You visited 1 branch of the dungeon, and saw 1 of its levels.

You collected 17 gold pieces.

Inventory:

Hand Weapons
 a - a -1 falchion of flaming (weapon)
Armour
 b - a +0 robe (worn)


   Skills:
 + Level 3.1 Fighting
 - Level 2.6 Long Blades
 * Level 2.6 Spellcasting


You had 3 spell levels left.
You knew the following spells:

 Your Spells              Type           Power      Damage    Failure   Level
p - Scorch                Fire           18%        2d5       11%         2
Your spell library was empty.

Dungeon Overview and Level Annotations

Branches:
Dungeon (1/15)

Altars:


Innate Abilities, Weirdness & Mutations

You are immune to sickness and miasma.
You are immune to poison.
Your flesh is very heat resistant. (rF++)
You are vulnerable to cold. (rC-)
You float through the air rather than walking.
You learn spells naturally, not from books.
Your magical power is your life essence.
You have superior vitality. (+4 HP)


Message History

No target in view!
No target in view!
No target in view!
No target in view!
No target in view!
No target in view!
No target in view!
No target in view!
No target in view!
Key pressed, stopping explore.
Key pressed, stopping explore.
You now have 17 gold pieces (gained 9).
A quokka comes into view.
You closely miss the quokka. The quokka bites you.
A quokka is nearby!
You barely miss the quokka. The quokka bites you.
* * * LOW HITPOINT WARNING * * *
The quokka bites you.
* * * LOW HITPOINT WARNING * * *
Unknown command.
You miss the quokka. The quokka misses you.
You hit the quokka. You burn the quokka.
The quokka is almost dead.
The quokka barely misses you.
The quokka twitches its whiskers.
The quokka bites you.
* * * LOW HITPOINT WARNING * * *
You barely miss the quokka.
The quokka is almost dead.
The quokka barely misses you.
Unknown command.
You hit the quokka but do no damage.
The quokka is almost dead.
The quokka bites you.
* * * LOW HITPOINT WARNING * * *
The quokka completely misses you.
You hit the quokka but do no damage.
The quokka is almost dead.
The quokka bites you.
You die...

.# .# .# #
.# ##. .#
#..# .#
#..r#.#
###@.#
##....#
#.....#
##....#
###..#
##...#
#.#..#
##....#..#
#.....#..#


You could see a quokka.

Vanquished Creatures
  A bat (D:1)
  A goblin (D:1)
  2 ball pythons (D:1)
  2 rats (D:1)
6 creatures vanquished.

Notes
Turn   | Place    | Note
-------+----------+-------------------------------------------
     0 | D:1      | lunkers the Djinni Cinder Acolyte began the quest for the
                  | Orb.
     0 | D:1      | Reached XP level 1. HP: 20/20 MP: 0/0
     2 | D:1      | Noticed a formicid
     2 | D:1      | Noticed an ogre
     4 | D:1      | Noticed a tengu
     4 | D:1      | Noticed a vine stalker
     8 | D:1      | Noticed a spriggan
    12 | D:1      | Noticed a human
    12 | D:1      | Noticed a demigod
    14 | D:1      | Noticed a felid
    14 | D:1      | Noticed a draconian
    16 | D:1      | Noticed a demonspawn
    16 | D:1      | Noticed a minotaur
    18 | D:1      | Noticed an elf
    18 | D:1      | Noticed a dwarf
    20 | D:1      | Noticed a merfolk
    20 | D:1      | Noticed an octopode
    22 | D:1      | Noticed a troll
    22 | D:1      | Noticed a naga
    24 | D:1      | Noticed a gargoyle
    24 | D:1      | Noticed a ghoul
    26 | D:1      | Noticed a vampire
   105 | D:1      | Found a faded altar of an unknown god.
   172 | D:1      | Slain by a quokka

Illustrated notes

Levels and vault maps discovered:
D:1:      kb_arrival_jail, layout_rooms,
          shapermc_ecumenical_altar_mp_urbaneastern, minmay_misc_feat_rugged

Action                   || total
-------------------------++-------
Melee: Falchion          ||    20
Armor: Robe              ||     5
Dodge: Dodged            ||    15

Table legend: (Time is in decaauts)
 A = Elapsed time spent in this place.
 B = Non-inter-level travel time spent in this place.
 C = Inter-level travel time spent in this place.
 D = Time resting spent in this place.
 E = Time spent auto-exploring this place.
 F = Levels seen in this place.
 G = Mean time per level.
                   A        B        C        D        E       F      G
               +--------+--------+--------+--------+--------+-----+--------+
         Total |    175 |    175 |      0 |      0 |    128 |   1 |  175.0 |
       Dungeon |    175 |    175 |      0 |      0 |    128 |   1 |  175.0 |
               +--------+--------+--------+--------+--------+-----+--------+

Top non-repeatable levels by time:
     D:1: 175 daAuts
